 Dungeon Crawl Stone Soup version 0.16-a0-4020-g6ff35b5 (console) character file.

25 MarvinPA the Digger (level 2, -9/20 HPs)
             Began as a Demigod Earth Elementalist on Feb 17, 2015.
             Killed from afar by Sigmund (12 damage)
             ... with a puff of flame
             ... on level 2 of the Dungeon.
             The game lasted 00:01:58 (1319 turns).

MarvinPA the Digger (Demigod Earth Elementalist)    Turns: 1319, Time: 00:01:58

Health: -9/20      AC:  2    Str: 11    XL:     2   Next: 66%
Magic:  0/5        EV: 12    Int: 19    God:
Gold:   38         SH:  0    Dex: 16    Spells: 2 memorised, 2 levels left

rFire  . . .     SeeInvis .     b - 47 stones
rCold  . . .     Clarity  .     c - +0 robe
rNeg   . . .     SustAb   +     (no shield)
rPois  .         Gourm    .     (no helmet)
rElec  .         Spirit   .     (no cloak)
rCorr  .         Warding  .     (no gloves)
rMut   .         Stasis   .     (no boots)
MR     .....                    (no amulet)
Stlth  ++........               (no ring)
                                (no ring)

@: not resistant to hostile enchantments, unstealthy
A: sustain abilities
a: no special abilities


You were on level 2 of the Dungeon.
You were hungry.

You visited 1 branch of the dungeon, and saw 2 of its levels.

You collected 38 gold pieces.


Innate Abilities, Weirdness & Mutations

Your attributes are resistant to harm.


   Skills:
 - Level 1.7 Dodging
 - Level 1.7 Stealth
 + Level 2.3 Spellcasting
 - Level 0.8 Transmutations
 + Level 3.3 Earth Magic


You had 2 spell levels left.
You knew the following spells:

 Your Spells              Type           Power        Failure   Level  Hunger
a - Stoneskin             Trmt/Erth      ##......     12%         2    ##.....
z - Sandblast             Erth           ##....       6%          1    #......

Inventory:

Missiles
 b - 47 stones (in hand)
Armour
 c - a +0 robe (worn)
 e - a +2 shield
Scrolls
 g - a scroll of identify {@r1}
 h - a scroll of blinking
 i - a scroll of enchant weapon {unknown}
Books
 d - a book of Geomancy
Comestibles
 a - a bread ration
 f - 2 chunks of flesh

Dungeon Overview and Level Annotations

Branches:
Dungeon (2/15)

Annotations:
D:2 Sigmund

#.####.# #...##..
#.#.##.# #.#.##.#
#.#.##.# #.#.##.#
#.#.##.# ######
#รท#.##.######.....
#p#.##.#>.........
#.#.........#.#...
#....######.##.#.#.#.
#.@..#.......#.......
#....#.###...#.......
#....#.#.............
####.#.#.##..........
#.#.#.....#.#.#<##
#.#.#######.#.#..)


You could see Sigmund.


Message History

Aim: Sigmund, wielding a scythe and wearing a robe (lightly wounded)
The rocky blast hits Sigmund.
Sigmund is moderately wounded.
You are feeling hungry.
Unknown command.
Aiming: Sandblast
Aim: Sigmund, wielding a scythe and wearing a robe (moderately wounded)
The rocky blast hits Sigmund.
Sigmund is heavily wounded.
Sigmund hits you from afar with a scythe!
Unknown command.
Aiming: Sandblast
Aim: Sigmund, wielding a scythe and wearing a robe (moderately wounded)
The rocky blast hits Sigmund.
Sigmund is heavily wounded.
Sigmund gestures at you while chanting. The magic dart hits you!
Ouch! That really hurt!
* * * LOW HITPOINT WARNING * * *
Unknown command.
You aren't carrying any potions.
Read which item? (? for menu, Esc to quit)
As you read the scroll labeled CIAMOA LOUCOH, it crumbles to dust.
It is a scroll of identify.
Identify which item? (\ to view known items) (? for menu, Esc to quit)
h - a scroll of blinking Sigmund gestures at you while chanting.
The puff of flame hits you!
Ouch! That really hurt!
You die...

Action                   || total
-------------------------++-------
Melee: Unarmed           ||     6
 Cast: Sandblast         ||    45
  Use: Scroll            ||     1
       Potion            ||     1
  Eat: Chunk             ||     1

Vault maps used:
D:1:      tarquinn_simple_flora_water_e, minmay_misc_feat_chi,
          serial_bayou_pond_e
D:2:      lemuel_crystal_altar, lemuel_coloured_pillars_altar,
          serial_bayou_pond_c, uniq_sigmund

Notes
Turn   | Place    | Note
--------------------------------------------------------------
     0 | D:1      | MarvinPA, the Demigod Earth Elementalist, began the quest for the Orb.
     0 | D:1      | Reached XP level 1. HP: 14/14 MP: 3/3
   139 | D:1      | Reached skill level 2 in Spellcasting
   262 | D:1      | Reached skill level 3 in Earth Magic
   343 | D:1      | Reached XP level 2. HP: 17/20 MP: 0/5
   395 | D:1      | Learned a level 2 spell: Stoneskin
   902 | D:1      | HP: 2/20 [hobgoblin/club (4)]
  1311 | D:2      | Noticed Sigmund
  1319 | D:2      | Killed from afar by Sigmund

Vanquished Creatures
  3 bats (D:1)
  A giant cockroach (D:1)
  2 goblins (D:1)
  3 hobgoblins
  4 kobolds (D:1)
  3 ball pythons
  A giant gecko (D:1)
  A giant newt (D:1)
  7 rats (D:1)
25 creatures vanquished.
